 Dungeon Crawl Stone Soup version 0.20-a0-1018-ge435b50 (webtiles) character file.

137 Hybris the Slasher (level 5, -4/47 HPs)
             Began as a Minotaur Abyssal Knight on Apr 17, 2017.
             Was a Follower of Lugonu.
             Slain by a gnoll
             ... wielding a +0 club
              (7 damage)
             ... on level 3 of the Dungeon.
             The game lasted 00:04:03 (1807 turns).

Hybris the Slasher (Minotaur Abyssal Knight)        Turns: 1807, Time: 00:04:04

Health: -4/47      AC:  4    Str: 18    XL:     5   Next: 0%
Magic:  5/5        EV:  8    Int:  9    God:    Lugonu [*.....]
Gold:   39         SH:  7    Dex:  9    Spells: 4/4 levels left

rFire    . . .     SeeInvis .   a - +1 falchion
rCold    . . .     Gourm    .   m - +0 shield
rNeg     . . .     Faith    .   b - +0 leather armour
rPois    .         Spirit   .   (helmet restricted)
rElec    .         Reflect  .   h - +0 cloak
rCorr    .         Harm     .   (no gloves)
MR       .....                  (no boots)
Stlth    +.........             (no amulet)
Regen    0.2/turn               (no ring)
MPRegen  0.1/turn               (no ring)

@: lethally poisoned (-4 -> -5)
A: retaliatory headbutt, horns 2
a: Depart the Abyss, Renounce Religion


You were on level 3 of the Dungeon.
You worshipped Lugonu.
Lugonu was aware of your devotion.
You were not hungry.

You visited 1 branch of the dungeon, and saw 3 of its levels.
You visited the Abyss 1 time.

You collected 39 gold pieces.

Inventory:

Hand Weapons
 a - a +1 falchion (weapon)
Missiles
 r - 20 stones (quivered)
Armour
 b - a +0 leather armour (worn)
 h - a +0 cloak (worn)
 m - a +0 shield (worn)
Wands
 s - a wand of paralysis (8/24)
Scrolls
 d - 4 scrolls of remove curse {unknown}
 g - 2 scrolls of teleportation {unknown}
 i - 2 scrolls of enchant armour {unknown}
 k - 2 scrolls of recharging {unknown}
 n - 2 scrolls of identify {unknown}
Potions
 j - 2 potions of haste
 l - 2 potions of agility {unknown}
 o - a potion of brilliance {unknown}
 p - 2 potions of flight {unknown}
Comestibles
 c - 2 bread rations
 f - a fruit
 q - 7 chunks of flesh


   Skills:
 + Level 4.5 Fighting
 * Level 5.1 Long Blades
 - Level 2.4 Armour
 - Level 1.1 Dodging
 + Level 2.5 Invocations


You had 4 spell levels left.
You didn't know any spells.

Dungeon Overview and Level Annotations

Branches:
Dungeon (3/15)

Altars:
Nemelex Xobeh


Innate Abilities, Weirdness & Mutations

You reflexively headbutt those who attack you in melee.
You have a pair of horns on your head.


Message History

* * * LOW HITPOINT WARNING * * *
You feel sick.
You feel sick.
You slash the orc!
You kill the orc!
Lugonu accepts your kill.
You have reached level 5!
You hit the gnoll.
The gnoll is lightly wounded.
The gnoll hits you but does no damage.
You hit the gnoll.
The gnoll is moderately wounded.
The orc hits you from afar with a trident.
* * * LOW HITPOINT WARNING * * *
It was a potion of cancellation.
Your magical effects are unravelling.
You feel magically purged.
You feel yourself slow down.
You feel sick. The gnoll hits you with a club!
You die...

#..(##)### # #...)†...#
##.###..#.#.#....
#........g%!# #
..#......#.# ####g###.#
#o# #.# . #g# #.# .##
#@# #.######.. #.....#
#......... #.#.#####
#.#####..# #.#.# #.#
#.#.# #.# #.#.## #.# #
#....######.# #.
#..#...(....#####.#####.
##...########.......†)..


You could see 2 gnolls and an orc.

Vanquished Creatures
  Natasha (D:2)
  2 gnolls
  3 adders
  2 worms (D:2)
  A leopard gecko (D:3)
  5 orcs (D:3)
  A ball python (D:1)
  6 bats
  3 giant cockroaches (D:1)
  9 goblins
  8 hobgoblins
  2 jackals (D:1)
  3 kobolds
  2 quokkas
  3 frilled lizards (D:1)
  A rat (D:1)
52 creatures vanquished.

Notes
Turn   | Place    | Note
-------+----------+-------------------------------------------
     0 | Abyss:1  | Hybris the Minotaur Abyssal Knight began the quest for the Orb.
     0 | Abyss:1  | Reached XP level 1. HP: 19/19 MP: 1/1
    47 | D:1      | Escaped the Abyss
   201 | D:1      | Reached skill level 3 in Long Blades
   223 | D:1      | Found a sparkling altar of Nemelex Xobeh.
   257 | D:1      | Reached XP level 2. HP: 27/27 MP: 2/2
   289 | D:1      | Reached * piety under Lugonu
   464 | D:1      | Reached XP level 3. HP: 33/33 MP: 3/3
   477 | D:1      | Reached skill level 4 in Long Blades
  1009 | D:2      | Noticed Natasha
  1015 | D:2      | Killed Natasha
  1015 | D:2      | Reached XP level 4. HP: 40/40 MP: 4/4
  1715 | D:3      | Reached skill level 5 in Long Blades
  1802 | D:3      | Reached XP level 5. HP: 8/47 MP: 5/5
  1807 | D:3      | Slain by a gnoll

Vault maps used:
D:1:      sevenhm_arrival_forest_fort_small_6, nemelex_diamond_rough_becter
D:2:      first_bread, uniq_natasha

Skill      XL: |  1  2  3  4 |
---------------+-------------+-----
Long Blades    | 3 4 5 |  5.1
Fighting       | 4 |  4.5
Invocations    | 2 |  2.5
Armour         | |  2.4
Dodging        | |  1.1

Action                   |  1- 3 |  4- 6 || total
-------------------------+-------+-------++-------
Melee: Falchion          |    78 |    63 ||   141
       Headbutt          |     9 |     7 ||    16
Throw: Stone             |       |     1 ||     1
Invok: Depart the Abyss  |     1 |       ||     1
  Use: Potion            |       |     2 ||     2
  Eat: Chunk             |       |     3 ||     3
Armor: Leather armour    |    22 |    18 ||    40
Dodge: Dodged            |    57 |    26 ||    83
Block: Shield            |     6 |    17 ||    23
       Rpst.: Falchion   |    16 |     5 ||    21
